 Dungeon Crawl Stone Soup version 0.17-a0-4-gb793c6d (webtiles) character file.

886 Psiweapon the Ducker (level 8, -1/48 HPs)
             Began as a Gargoyle Gladiator on Mar 4, 2015.
             Slain by Prince Ribbit (2 damage)
             ... on level 4 of the Dungeon.
             The game lasted 00:17:08 (4281 turns).

Psiweapon the Ducker (Gargoyle Gladiator)           Turns: 4281, Time: 00:17:08

Health: -1/48      AC: 11    Str: 22    XL:     8   Next: 5%
Magic:  8/8        EV: 13    Int: 10    God:
Gold:   129        SH:  0    Dex: 10    Spells: 0 memorised, 7 levels left

rFire  . . .     SeeInvis .     a - +0 quarterstaff
rCold  . . .     Clarity  .     b - +0 leather armour
rNeg   + . .     SustAb   .     (no shield)
rPois  ∞         Gourm    .     c - +0 helmet
rElec  +         Spirit   .     (no cloak)
rCorr  .         Warding  .     (no gloves)
rMut   .         Stasis   .     e - +1 pair of boots
MR     .....                    (no amulet)
Stlth  ++........               (no ring)
                                y - +2 ring of intelligence

@: not resistant to hostile enchantments, unstealthy
A: negative energy resistance 1, electricity resistance, unbreathing,
petrification resistance, rot immunity, AC +5
a: no special abilities


You were on level 4 of the Dungeon.
You were not hungry.

You visited 1 branch of the dungeon, and saw 4 of its levels.
You also visited: Ossuary.

You collected 129 gold pieces.

Inventory:

Hand weapons
 a - a +0 quarterstaff (weapon)
 f - a +0 rapier of venom
 u - a cursed +0 morningstar
 w - a +0 falchion of holy wrath
 B - a +2 spear of venom
Missiles
 i - 48 stones (quivered)
 p - 66 bolts
 q - 63 sling bullets
 F - 3 poisoned tomahawks
Armour
 b - a +0 leather armour (worn)
 c - a +0 helmet (worn)
 e - a +1 pair of boots (worn)
 s - a +0 robe
 D - a +0 robe of positive energy
Jewellery
 y - a +2 ring of intelligence (left hand)
Magical devices
 C - a wand of lightning (0)
Scrolls
 h - 6 scrolls of remove curse
 l - a scroll of magic mapping
 m - a scroll of enchant armour {unknown}
 n - 3 scrolls of recharging
 r - a scroll of amnesia
Potions
 j - a potion of mutation {unknown}
 k - 3 potions of haste
 o - a potion of cancellation
 v - a potion of heal wounds {unknown}
 x - a potion of lignification {unknown}
 z - a potion of agility
 A - a potion of might
Comestibles
 g - a royal jelly
 t - a chunk of flesh
 E - 2 bread rations


   Skills:
 + Level 3.8 Fighting
 + Level 4.9 Staves
 + Level 3.7 Throwing
 + Level 1.5 Armour
 + Level 5.5 Dodging
 + Level 2.0 Stealth


You had 7 spell levels left.
You didn't know any spells.

Dungeon Overview and Level Annotations

Branches:
Dungeon (4/15)
 Temple: D:4-7

Altars:

Annotations:
D:4 Pikel, Prince Ribbit


Innate Abilities, Weirdness & Mutations

You are resistant to torment.
You are immune to poison.
Your stone body is very resilient (AC +5).
You resist negative energy.
You are resistant to electric shocks.
You can survive without breathing.
You are immune to petrification.
You are immune to rotting.


Message History

You hit Pikel.
Pikel is moderately wounded.
Pikel struggles against the net.
You hit Pikel but do no damage.
Pikel is moderately wounded.
Pikel struggles to escape the net.
You hit Pikel but do no damage.
Pikel is moderately wounded.
Pikel says, "Slavery isn't that bad."
Pikel struggles against the net.
The helpless Pikel fails to defend himself.
You hit Pikel.
Pikel is moderately wounded.
Prince Ribbit hits you.
* * * LOW HITPOINT WARNING * * *
Pikel struggles to escape the net.
Prince Ribbit barely misses you.
You hit Pikel.
Pikel is moderately wounded.
Prince Ribbit hits you.
You die...

#.## #....# #####.# #÷#
########.##.# #...... #[#
#...........# #.##### #.#
#.#####...#.# #.# # #.#
#.# ##......# #.### # #.#
#.# #.......###...### #.#
#.# #.##.##..[[....## #.#
#.###K#######(.......
#.###.#F@'#######'.....##
#.##....##...#...##......
#.#.....##.>.#...#####.##
#.......##...#...# #.#
###.....##############>#
##...###...#...*#....#
#...## #.>.#.>.*####<#
#.### ##...#...#* #.#*
#.# #'#######+# #..,


You could see Prince Ribbit and Pikel (caught).

Vanquished Creatures
  The ghost of MrRokkomies the Insei, an experienced HuTm (Ossuary)
  4 slaves (D:4)
  Purgy (D:4)
  An ogre (D:3)
  Sigmund (D:4)
  2 orc priests
  Natasha (twice) (D:4)
  2 orc wizards (D:4)
  3 mummies (Ossuary)
  4 gnolls (D:3)
  8 adders
  2 worms
  2 giant geckos
  3 oozes
  16 orcs
  6 ball pythons (Ossuary)
  4 giant cockroaches
  A hobgoblin (D:1)
  5 jackals
  4 quokkas
  10 bats
  A giant gecko skeleton (D:4)
  A giant newt (D:3)
  5 gnoll skeletons (Ossuary)
  5 goblins
  A goblin skeleton (Ossuary)
  2 goblin zombies (Ossuary)
  A hobgoblin skeleton (Ossuary)
  5 kobolds
  2 kobold zombies (Ossuary)
  An orc skeleton (Ossuary)
  4 orc zombies (Ossuary)
  A quokka skeleton (D:4)
  6 rats
  A rat skeleton (Ossuary)
  3 rat zombies (Ossuary)
121 creatures vanquished.

Vanquished Creatures (others)
  Menkaure (Ossuary)
  2 gnoll zombies (Ossuary)
  3 gnoll skeletons (Ossuary)
  3 goblin skeletons (Ossuary)
  2 goblin zombies (Ossuary)
  A hobgoblin skeleton (Ossuary)
  4 hobgoblin zombies (Ossuary)
  2 kobold skeletons (Ossuary)
  3 kobold zombies (Ossuary)
  4 orc skeletons (Ossuary)
  2 orc zombies (Ossuary)
  3 rat skeletons (Ossuary)
  A rat zombie (Ossuary)
31 creatures vanquished.

Grand Total: 152 creatures vanquished

Notes
Turn   | Place    | Note
--------------------------------------------------------------
     0 | D:1      | Psiweapon, the Gargoyle Gladiator, began the quest for the Orb.
     0 | D:1      | Reached XP level 1. HP: 12/12 MP: 1/1
   276 | D:1      | Reached XP level 2. HP: 14/17 MP: 2/2
   419 | D:2      | Reached XP level 3. HP: 17/21 MP: 3/3
   956 | D:2      | Reached XP level 4. HP: 26/26 MP: 4/4
  1245 | D:4      | Noticed Purgy
  1252 | D:4      | Killed Purgy
  1252 | D:4      | Reached XP level 5. HP: 21/32 MP: 5/5
  1421 | D:4      | Noticed a slave
  1422 | D:4      | Noticed a slave
  1422 | D:4      | Noticed a slave
  1468 | D:3      | Reached skill level 1 in Armour
  1808 | D:4      | Found a sand-covered staircase.
  1815 | Ossuary  | Entered an ossuary
  1964 | Ossuary  | Killed Menkaure
  2023 | Ossuary  | Reached skill level 1 in Stealth
  2082 | Ossuary  | Noticed MrRokkomies' ghost (experienced HuTm)
  2150 | Ossuary  | HP: 2/48 [ball python[MrRokkomies' ghost] (1)]
  2151 | Ossuary  | Killed MrRokkomies' ghost
  2151 | Ossuary  | Reached skill level 4 in Staves
  2151 | Ossuary  | Reached XP level 6. HP: 2/37 MP: 6/6
  2151 | Ossuary  | Reached XP level 7. HP: 2/41 MP: 7/7
  2634 | Ossuary  | Identified a scroll of acquirement
  2747 | D:4      | Noticed Sigmund
  2759 | D:4      | Killed Sigmund
  2791 | D:4      | Reached skill level 5 in Dodging
  2792 | D:4      | Noticed Natasha
  2797 | D:4      | Killed Natasha
  2830 | D:4      | Noticed Natasha
  2842 | D:4      | Killed Natasha
  3048 | D:4      | Killed a slave
  3051 | D:4      | Noticed Prince Ribbit
  3067 | D:4      | Noticed a slave
  3081 | D:4      | Killed a slave
  3303 | D:3      | Noticed an ogre
  3310 | D:3      | Killed an ogre
  3740 | D:3      | Reached XP level 8. HP: 46/48 MP: 8/8
  4238 | D:4      | Noticed Pikel
  4255 | D:4      | Killed a slave
  4260 | D:4      | Killed a slave
  4280 | D:4      | HP: 1/48 [Prince Ribbit (4)]
  4281 | D:4      | Slain by Prince Ribbit

Action                   |  1- 3 |  4- 6 |  7- 9 || total
-------------------------+-------+-------+-------++-------
Melee: Quarterstaff      |    75 |   169 |   192 ||   436
Throw: Stone             |    33 |     1 |     4 ||    38
       Tomahawk          |       |    11 |    16 ||    27
       Throwing net      |       |       |     7 ||     7
Evoke: Wand              |       |       |     2 ||     2
  Use: Scroll            |     4 |     2 |     6 ||    12
       Potion            |       |     3 |     1 ||     4
 Stab: Sleeping          |       |     1 |     1 ||     2
       Distracted        |       |     1 |       ||     1
       Held in net/web   |       |       |     2 ||     2
  Eat: Chunk             |       |     4 |     2 ||     6
       Bread ration      |       |       |     1 ||     1
       Beef jerky        |       |       |     1 ||     1
